 Dungeon Crawl Stone Soup version 0.25.1-2-g60ff931df9 (webtiles) character file.

Game seed: 12481610090039029065

23869 lorenzova the Eclecticist (level 12, -5/59 HPs)
             Began as a Deep Elf Conjurer on Oct 5, 2020.
             Was a High Priest of Vehumet.
             Hit by a large rock thrown by a stone giant (55 damage)
             ... on level 2 of the Orcish Mines.
             The game lasted 00:46:20 (21607 turns).

lorenzova the Eclecticist (Deep Elf Conjurer)      Turns: 21607, Time: 00:46:21

Health: -5/59      AC:  8    Str:  5    XL:     12   Next: 75%
Magic:  33/33      EV:  9    Int: 26    God:    Vehumet [*****.]
Gold:   1535       SH:  0    Dex: 15    Spells: 9/42 levels left

rFire    + . .     SeeInvis +   M - +9 staff of Olgreb {rPois∞}
rCold    . . .     Gourm    .   (no shield)
rNeg     . . .     Faith    .   G - +2 ring mail {rF+}
rPois    ∞         Spirit   .   d - +0 hat
rElec    .         Reflect  .   (no cloak)
rCorr    .         Harm     .   (no gloves)
MR       +....                  B - +0 pair of boots
Stlth    +.........             (no amulet)
HPRegen  0.19/turn              E - ring of see invisible
MPRegen  0.23/turn              p - ring of wizardry

@: no status effects
A: no striking features
a: Renounce Religion


You were on level 2 of the Orcish Mines.
You worshipped Vehumet.
Vehumet was extremely pleased with you.
You were hungry.

You visited 4 branches of the dungeon, and saw 16 of its levels.

You collected 1535 gold pieces.

Inventory:

Hand Weapons
 v - a +0 dagger
 M - the +9 staff of Olgreb (weapon) {rPois∞}
   (You found it on level 9 of the Dungeon)

   It grants immunity to poison.
Armour
 a - a +0 robe
 d - a +0 hat (worn)
 B - a +0 pair of boots (worn)
 G - a +2 ring mail of fire resistance (worn)
Magical Staves
 D - an uncursed staff of fire
 I - an uncursed staff of wizardry
Jewellery
 e - an uncursed ring of poison resistance
 h - an uncursed amulet of guardian spirit
 p - a ring of wizardry (right hand)
 w - an uncursed ring of resist corrosion
 E - a ring of see invisible (left hand)
 K - a +6 ring of dexterity
 L - a +4 ring of protection
 Q - an uncursed amulet of faith
Wands
 F - a wand of flame (52)
 H - a wand of polymorph (26)
Scrolls
 f - 3 scrolls of teleportation {unknown}
 g - 6 scrolls of enchant armour
 k - a scroll of immolation {unknown}
 m - 4 scrolls of fear
 o - 4 scrolls of remove curse
 u - 5 scrolls of enchant weapon {unknown}
 x - a scroll of blinking {unknown}
 y - a scroll of noise {unknown}
 C - 2 scrolls of magic mapping
 O - a scroll of amnesia {unknown}
 P - 2 scrolls of identify
Potions
 b - 3 potions of mutation
 i - 5 potions of curing
 j - 2 potions of stabbing {unknown}
 l - 2 potions of invisibility {unknown}
 n - 3 potions of brilliance {unknown}
 q - 4 potions of degeneration {unknown}
 r - a potion of lignification {unknown}
 s - 3 potions of flight
 t - 3 potions of heal wounds {unknown}
 z - 3 potions of might {unknown}
 A - a potion of berserk rage {unknown}
 J - a potion of ambrosia {unknown}
Comestibles
 c - 20 rations


   Skills:
 - Level 2.4 Dodging
 - Level 2.4 Stealth
 * Level 15.8 Spellcasting
 * Level 14.1 Conjurations
 - Level 9.0 Hexes
 - Level 6.0 Translocations
 + Level 9.2 Fire Magic


You had 9 spell levels left.
You knew the following spells:

 Your Spells              Type           Power        Failure   Level  Hunger
a - Magic Dart            Conj           ####         1%          1    None
b - Searing Ray           Conj           ######       1%          2    None
c - Iskenderun's Mystic   Conj/Tloc      ######..     1%          4    None
d - Fulminant Prism       Conj/Hex       ######....   1%          4    None
e - Foxfire               Conj/Fire      ####         1%          1    None
f - Fireball              Conj/Fire      ######....   1%          5    None
o - Orb of Destruction    Conj           #######...   4%          7    #####..
p - Blink                 Tloc           N/A          1%          2    None
s - Sticky Flame          Conj/Fire      ######..     1%          4    None
x - Conjure Flame         Conj/Fire      ######..     1%          3    None

Your spell library contained the following spells:

 Spells                   Type           Power        Failure   Level  Hunger
 Slow                     Hex            ######..     1%          2    None
 Dazzling Flash           Conj/Hex       ######       1%          3    None
 Inner Flame              Hex/Fire       ######..     1%          3    None
 Mephitic Cloud           Conj/Pois/Air  ######..     1%          3    None
 Beastly Appendage        Tmut           ###...       4%          1    None
 Call Imp                 Summ           ###.....     8%          2    None
 Sticks to Snakes         Tmut           ###.....     8%          2    None
 Spider Form              Tmut/Pois      ####......   16%         3    None
 Ice Form                 Ice/Tmut       ###.....     43%         4    None
 Blade Hands              Tmut           ###.......   77%         5    None


Dungeon Overview and Level Annotations

Branches:
Dungeon (12/15)            Temple (1/1) D:6            Lair (1/6) D:9
    Orc (2/2) D:11
    Elf: Orc:2

Altars:
Ashenzari
Cheibriados
Dithmenos
Elyvilon
Fedhas
Gozag
Hepliaklqana
Kikubaaqudgha
Makhleb
Nemelex Xobeh
Okawaru
Qazlal
Ru
Sif Muna
Trog
Uskayaw
Vehumet
Wu Jian
Xom
Yredelemnul
Zin
The Shining One
Beogh

Annotations:
D:5 2 transporters, gruber's ghost, novice DrTm
D:10 3 runed translucent doors, Rwicked's ghost, journeyman GrEE


Message History

Vehumet says: Let it end in hellfire!
Press ? for a list of commands and other information.
Done exploring.
Done exploring.
Done exploring.
Things that are here:
a +0 giant club; an ogre skeleton You see here a warg skeleton.
There is a stone staircase leading down here.
You climb downwards.
There is a stone staircase leading up here.
You see here a +2 whip of venom.
A stone giant comes into view.
The stone giant shouts!
The stone giant throws a large rock.
The large rock hits you!
You see here a large rock.
You are feeling hungry.
The stone giant throws a large rock.
The large rock hits you!!!
Ouch! That really hurt!
You die...

#.#.....##
###......#
#.........###
#.........#.#
.............####
........#.......##
.....#.###.......##
....####..........#
... ##.@(.......#
#.........##
#.........##
##....#..##
.....#### ....#..
.....#### ..C.#..


You could see a stone giant.

Vanquished Creatures
  3 two-headed ogres
  A centaur warrior (D:12)
  2 unseen horrors (D:12)
  A deep elf mage (D:12)
  A centaur zombie (D:12)
  Maurice (D:8)
  Psyche (D:8)
  2 gargoyles (D:12)
  A centaur skeleton (D:11)
  A yaktaur (D:12)
  A freezing wraith (D:12)
  2 trolls (D:12)
  3 hippogriffs
  Eustachio (D:6)
  Sigmund (D:5)
  23 yaks
  A spriggan (D:9)
  2 wraiths (D:11)
  4 wyverns
  Grum (D:8)
  A hungry ghost (D:10)
  3 wargs
  5 soldier ants (D:9)
  6 water moccasins
  15 orc warriors
  2 ice beasts
  5 sky beasts
  2 black bears (D:9)
  12 ogres
  3 wolves (D:8)
  6 phantoms
  12 centaurs
  2 crocodiles
  Blork the orc (D:5)
  2 big kobolds
  9 bullfrogs
  5 scorpions
  2 water moccasin skeletons
  17 killer bees
  12 wights
  2 howler monkeys
  2 bullfrog zombies
  7 crimson imps
  3 hounds
  19 orc priests
  5 jellies
  28 orc wizards
  3 bullfrog skeletons
  Jessica (D:2)
  3 iguanas
  7 worker ants
  2 hound zombies
  4 hound skeletons
  A worker ant zombie (D:5)
  Robin (D:2)
  15 gnolls
  20 adders
  2 shadow imps
  2 oozes (D:2)
  2 worms
  2 dart slugs
  4 leopard geckos
  98 orcs
  7 bats (D:3)
  4 giant cockroaches
  13 goblins
  6 hobgoblins
  26 jackals
  5 quokkas
  A ball python (D:8)
  A frilled lizard (D:2)
  12 kobolds
  A leopard gecko skeleton (D:5)
  15 rats
  2 fungi (D:9)
501 creatures vanquished.

Vanquished Creatures (others)
  A centaur zombie (D:12)
  A komodo dragon (D:12)
  A hippogriff (D:12)
  A bullfrog skeleton (D:12)
  A bullfrog zombie (D:12)
  53 fulminant prisms
  26 fungi (D:9)
  5 plants (D:9)
89 creatures vanquished.

Grand Total: 590 creatures vanquished

Notes
Turn   | Place    | Note
-------+----------+-------------------------------------------
     0 | D:1      | lorenzova the Deep Elf Conjurer began the quest for the
                  | Orb.
     0 | D:1      | Reached XP level 1. HP: 10/10 MP: 6/6
   501 | D:1      | Reached XP level 2. HP: 15/15 MP: 0/8
   505 | D:1      | Learned a level 2 spell: Searing Ray
   802 | D:1      | Reached skill level 4 in Spellcasting
   971 | D:1      | Reached skill level 5 in Conjurations
   971 | D:1      | Reached XP level 3. HP: 19/19 MP: 7/10
  1656 | D:2      | Noticed Robin
  1659 | D:2      | Killed Robin
  1771 | D:2      | Reached XP level 4. HP: 24/24 MP: 7/12
  1923 | D:2      | Noticed Jessica
  1928 | D:2      | Killed Jessica
  1928 | D:2      | Reached skill level 5 in Spellcasting
  2329 | D:2      | Reached XP level 5. HP: 28/28 MP: 10/14
  2846 | D:3      | Reached skill level 6 in Spellcasting
  3044 | D:3      | Noticed an ogre
  3051 | D:3      | Killed an ogre
  3051 | D:3      | Reached XP level 6. HP: 32/32 MP: 8/17
  3616 | D:3      | Reached skill level 7 in Spellcasting
  3870 | D:3      | Learned a level 3 spell: Conjure Flame
  3873 | D:3      | Learned a level 2 spell: Blink
  4261 | D:4      | Learned a level 4 spell: Iskenderun's Mystic Blast
  4266 | D:4      | Learned a level 4 spell: Fulminant Prism
  4311 | D:4      | Reached XP level 7. HP: 36/36 MP: 9/19
  4633 | D:4      | Reached skill level 1 in Hexes
  4634 | D:4      | Reached skill level 1 in Translocations
  4773 | D:4      | Reached skill level 1 in Fire Magic
  4870 | D:5      | Entered Level 5 of the Dungeon
  4983 | D:5      | Reached skill level 8 in Spellcasting
  4999 | D:5      | Noticed Sigmund
  5318 | D:5      | Killed Sigmund
  5318 | D:5      | Reached XP level 8. HP: 31/41 MP: 9/22
  5438 | D:5      | Noticed Blork the orc
  5442 | D:5      | Killed Blork the orc
  5478 | D:5      | Found a transporter.
  5482 | D:5      | Noticed an ancient zyme
  5691 | D:5      | Noticed gruber's ghost (novice DrTm)
  5733 | D:5      | Found a transporter.
  6076 | D:5      | Reached skill level 9 in Spellcasting
  7085 | D:6      | Reached XP level 9. HP: 45/45 MP: 18/24
  7229 | D:6      | Noticed Eustachio
  7236 | D:6      | Killed Eustachio
  7236 | D:6      | Reached skill level 10 in Spellcasting
  7475 | D:6      | Found a staircase to the Ecumenical Temple.
  7651 | Temple   | Entered the Ecumenical Temple
  7686 | Temple   | Became a worshipper of Vehumet
  7840 | D:7      | Reached skill level 5 in Hexes
  8513 | D:7      | Reached * piety under Vehumet
  8513 | D:7      | Offered knowledge of Sandblast by Vehumet.
  8718 | D:7      | Found the +8 storm bow {elec, penet}
  8809 | D:7      | Found a snail-covered altar of Cheibriados.
  9550 | D:8      | Noticed Grum
  9555 | D:8      | Reached skill level 10 in Conjurations
  9560 | D:8      | Reached skill level 11 in Spellcasting
  9560 | D:8      | Reached skill level 5 in Fire Magic
  9561 | D:8      | Killed Grum
  9850 | D:8      | Reached skill level 5 in Translocations
  9850 | D:8      | Reached XP level 10. HP: 50/50 MP: 19/27
  9982 | D:8      | Offered knowledge of Foxfire by Vehumet.
  9991 | D:8      | Learned a level 1 spell: Foxfire
  9997 | D:8      | Reached ** piety under Vehumet
 10000 | D:8      | Noticed Maurice
 10244 | D:8      | Noticed Psyche
 10254 | D:8      | Killed Psyche
 10808 | D:8      | Killed Maurice
 11148 | D:9      | Found a runed translucent door.
 11150 | D:9      | You fall into a shaft and drop 2 floors!
 11254 | D:11     | Offered knowledge of Ignite Poison by Vehumet.
 11368 | D:11     | Noticed a two-headed ogre
 11382 | D:11     | Killed a two-headed ogre
 11506 | D:11     | Reached skill level 12 in Spellcasting
 11754 | D:11     | Reached *** piety under Vehumet
 12117 | D:11     | Offered knowledge of Hailstorm by Vehumet.
 12117 | D:11     | Reached XP level 11. HP: 54/54 MP: 25/29
 12469 | D:10     | Entered Level 10 of the Dungeon
 12482 | D:10     | Found a runed translucent gate.
 12483 | D:10     | Found a runed translucent gate.
 12483 | D:10     | Noticed Rwicked's ghost (journeyman GrEE)
 12484 | D:10     | Found a runed translucent gate.
 12512 | D:10     | Identified the cursed +0 plate armour of Ru's Supremacy
                  | {+Fly rC+ Int-2}
 12835 | D:10     | Reached **** piety under Vehumet
 12925 | D:10     | Reached skill level 13 in Spellcasting
 12942 | D:10     | Offered knowledge of Bolt of Magma by Vehumet.
 13417 | D:10     | Learned a level 4 spell: Sticky Flame
 13423 | D:10     | Learned a level 5 spell: Fireball
 14187 | D:9      | Found a staircase to the Lair.
 14691 | D:9      | Reached ***** piety under Vehumet
 14716 | D:9      | Found the +9 staff of Olgreb {rPois∞}
 14732 | D:9      | Found a runed translucent door.
 14782 | D:9      | Found a runed translucent gate.
 14782 | D:9      | Found a runed translucent gate.
 14794 | D:9      | Found a runed translucent gate.
 15026 | D:9      | Offered knowledge of Yara's Violent Unravelling by Vehumet.
 15625 | D:10     | Reached skill level 14 in Spellcasting
 15892 | D:10     | Found a roughly hewn altar of Beogh.
 16404 | D:11     | Found a staircase to the Orcish Mines.
 17407 | D:12     | Reached XP level 12. HP: 22/59 MP: 30/32
 18386 | D:12     | Noticed a two-headed ogre
 18417 | D:12     | Killed a two-headed ogre
 18988 | D:12     | Noticed a war gargoyle
 19263 | D:12     | Reached skill level 15 in Spellcasting
 19536 | D:12     | Offered knowledge of Orb of Destruction by Vehumet.
 19539 | D:12     | Noticed a centaur warrior
 19942 | D:11     | Learned a level 7 spell: Orb of Destruction
 19949 | D:12     | Killed a centaur warrior
 20053 | Lair:1   | Entered Level 1 of the Lair of Beasts
 20203 | Orc:1    | Entered Level 1 of the Orcish Mines
 20391 | Orc:1    | Noticed a two-headed ogre
 20393 | Orc:1    | Killed a two-headed ogre
 20762 | Orc:2    | Entered Level 2 of the Orcish Mines
 21606 | Orc:2    | Noticed a stone giant
 21607 | Orc:2    | Hit by a large rock thrown by a stone giant

Illustrated notes

Levels and vault maps discovered:
D:1:      dpeg_arrival_round_a, layout_loops_ring, minmay_misc_feat_encased
D:2:      layout_rooms, uniq_robin, uniq_jessica
D:3:      layout_basic, chequers_decorated_corner
D:4:      layout_basic, first_ration
D:5:      layout_rooms, gammafunk_ghost_abyssal_escape, uniq_sigmund,
          uniq_blork_the_orc
D:6:      layout_cave_pools, temple_fountains, uniq_eustachio
D:7:      layout_layer_cave, lemuel_doored_altar
D:8:      layout_loops_ring, uniq_psyche, uniq_grum, uniq_maurice
D:9:      layout_basic, due_lair_maze_entry_diamond, the_bakery,
          minmay_guarded_unrand_staff_of_olgreb
D:10:     layout_long_grid, biasface_ghost_orc_armoury, serial_park_tiny_pond
D:11:     layout_cave_pools, hiddenorc2_lemuel
D:12:     minmay_the_grid_square_5x5_5x5_mashed
          [minmay_the_grid_square_5x5_eight_small,
          minmay_the_grid_square_5x5_n_small, minmay_the_grid_square_5x5_empty,
          minmay_the_grid_square_5x5_trominoes,
          minmay_the_grid_square_5x5_dogpile, minmay_the_grid_square_5x5_mess,
          minmay_the_grid_square_5x5_prize_junk,
          minmay_the_grid_square_5x5_three_small,
          minmay_the_grid_square_5x5_prize_deathbox,
          minmay_the_grid_square_5x5_n, minmay_the_grid_square_5x5_fat_x,
          minmay_the_grid_square_5x5_slash,
          minmay_the_grid_square_5x5_prize_monsterx,
          minmay_the_grid_square_5x5_spiral, minmay_the_grid_square_5x5_percent,
          minmay_the_grid_square_5x5_tie,
          minmay_the_grid_square_5x5_prize_rear_guard,
          minmay_the_grid_square_5x5_bridge,
          minmay_the_grid_square_5x5_prize_itemx,
          minmay_the_grid_square_5x5_forky, minmay_the_grid_square_5x5_eight,
          minmay_the_grid_square_5x5_bite, minmay_the_grid_square_5x5_gyroscope,
          minmay_the_grid_square_5x5_checkered_statues,
          minmay_the_grid_square_5x5_comb], layout_small_grid
Temple:   nicolae_temple_the_god_donut
Lair:1:   layout_layer_cave, kb_xom_exploding_sheep
Orc:1:    layout_caves
Orc:2:    st_orc_elflike, layout_diamond_mine, basic_altar,
          nicolae_orc_crystal_geode

Skill      XL: |  1  2  3  4  5  6  7  8  9 10 11 12 |
---------------+-------------------------------------+-----
Spellcasting   | 4 5 6 7 8 9 11 12 14 15 | 15.8
Conjurations   | 5 6 7 8 9 10 11 12 14 | 14.1
Hexes          | 2 4 6 7 9 |  9.0
Translocations | 2 3 5 6 |  6.0
Fire Magic     | 2 3 5 6 7 9 |  9.2
Dodging        | |  2.4
Stealth        | |  2.4

Action                   |  1- 3 |  4- 6 |  7- 9 | 10-12 || total
-------------------------+-------+-------+-------+-------++-------
Melee: Dagger            |       |       |     2 |       ||     2
       Staff             |       |       |       |    15 ||    15
 Cast: Magic Dart        |    50 |   117 |   125 |   268 ||   560
       Searing Ray       |     3 |    12 |    51 |   125 ||   191
       Fulminant Prism   |       |       |    22 |    31 ||    53
       Conjure Flame     |       |       |     7 |    26 ||    33
       Iskenderun's Myst |       |       |     5 |    55 ||    60
       Fireball          |       |       |       |    43 ||    43
       Sticky Flame      |       |       |       |    12 ||    12
Evoke: Staff of Olgreb   |       |       |       |     4 ||     4
  Use: Scroll            |     1 |       |     4 |     5 ||    10
       Potion            |       |       |       |     3 ||     3
  Eat: Chunk             |     2 |     8 |    17 |    32 ||    59
       Ration            |       |       |       |     1 ||     1
Armor: Robe              |       |       |     2 |    11 ||    13
       Ring mail         |       |       |       |    36 ||    36
Dodge: Dodged            |     6 |     4 |    19 |    93 ||   122
